 Dungeon Crawl Stone Soup version 0.29-a0-474-gdfe5cd140f (webtiles) character file.

Game seed: 18008767742020076150

227 hquester the Grave Robber (level 5, -4/42 HPs)
             Began as a Deep Elf Necromancer on May 23, 2022.
             Slain by an iguana (9 damage)
             ... in the Ecumenical Temple.
             The game lasted 00:19:29 (2909 turns).

hquester the Grave Robber (Deep Elf Necromancer)    Turns: 2909, Time: 00:19:31

Health: -4/42      AC: 22    Str:  5    XL:     5   Next: 70%
Magic:  14/14      EV:  2    Int: 22    God:
Gold:   155        SH:  0    Dex: 15    Spells: 10/14 levels left

rFire   . . .      SeeInvis .   p - staff of death
rCold   . . .      Faith    .   (no shield)
rNeg    + . .      Spirit   .   (body armour currently unavailable)
rPois   +          Reflect  .   (helmet currently unavailable)
rElec   .          Harm     .   (cloak currently unavailable)
rCorr   +          Rampage  .   (gloves currently unavailable)
Will    .....      NoTele   +   (boots currently unavailable)
Stlth   ++........              m - amulet of magic regeneration
HPRegen 0.14/turn               j - ring of resist corrosion
MPRegen 0.54/turn               (no ring)

@: tree-form
A: stationary, stasis, torment immunity, boosted hp
a: no special abilities


You were in the Ecumenical Temple.
You were a tree.
You visited 2 branches of the dungeon, and saw 7 of its levels.

You collected 155 gold pieces.

Inventory:

Hand Weapons
 f - a +0 vampiric dagger
 n - a +2 dagger of speed
 q - a +4 dagger
Armour
 a - a +0 robe
 d - a +0 pair of gloves (melded)
 g - an orb of guile
 k - a +2 robe of resistance (melded)
Magical Staves
 p - a staff of death (weapon)
Jewellery
 i - an amulet of regeneration
 j - a ring of resist corrosion (left branch)
 m - an amulet of magic regeneration (around neck)
Scrolls
 e - a scroll of torment {unknown}
 l - a scroll of fear {unknown}
 r - a scroll of identify
Potions
 b - a potion of magic
 h - a potion of curing
 o - a potion of resistance
 s - a potion of degeneration
 t - a potion of heal wounds {unknown}


   Skills:
 - Level 1.7 Short Blades
 + Level 0.7 Staves
 + Level 3.7 Dodging
 - Level 2.5 Stealth
 * Level 5.1 Spellcasting
 * Level 6.2 Necromancy


You had 10 spell levels left.
You knew the following spells:

 Your Spells              Type           Power      Damage    Failure   Level
a - Necrotize             Necr           100%       1d9       1%          1
b - Vampiric Draining     Necr           49%        2d9       2%          3

Your spell library contained the following spells:

 Spells                   Type           Power      Damage    Failure   Level
 Sublimation of Blood     Necr           49%        N/A       1%          2
 Animate Dead             Necr           49%        N/A       8%          4
 Apportation              Tloc           10%        N/A       10%         1
 Sandblast                Erth           10%        2d5       10%         1
 Sting                    Tmut/Pois      20%        1d4       10%         1
 Passwall                 Tmut/Erth      4%         N/A       16%         2
 Poisonous Vapours        Pois/Air       10%        N/A       16%         2
 Wereblood                Tmut           5%         N/A       16%         2
 Agony                    Necr           49%        N/A       22%         5
 Dazzling Flash           Conj/Hex       10%        N/A       30%         3
 Stone Arrow              Conj/Erth      10%        3d7       30%         3
 Borgnjor's Vile Clutch   Necr/Erth      14%        N/A       61%         5
 Animate Armour           Summ/Erth      10%        N/A       69%         4
 Iskenderun's Mystic Bla  Conj/Tloc      5%         2d3       69%         4
 Olgreb's Toxic Radiance  Pois           5%         N/A       69%         4
 Death Channel            Necr           24%        N/A       75%         6
 Alistair's Intoxication  Tmut/Pois      3%         N/A       95%         5
 Starburst                Conj/Fire      2%         6d3       100%        6
 Summon Hydra             Summ           2%         N/A       100%        7
 Lehudib's Crystal Spear  Conj/Erth      2%         10d2      100%        8


Dungeon Overview and Level Annotations

Branches:
Dungeon (6/15)             Temple (1/1) D:5

Altars:
Ashenzari
Cheibriados
Dithmenos
Gozag
Hepliaklqana
Kikubaaqudgha
Nemelex Xobeh
Okawaru
Qazlal
Sif Muna
Trog
Vehumet
Xom
Yredelemnul
Zin

Shops:
D:2 (

Annotations:
D:2 Sigmund


Message History

The ufetubus hits you. The ufetubus closely misses you.
An iguana comes into view.
The ufetubus barely misses you.
The ufetubus hits you but does no damage.
The ufetubus attacks as you move away! The ufetubus closely misses you. x2
Found an agate ring.
The ufetubus hits you but does no damage.
The ufetubus hits you.
* * * LOW HITPOINT WARNING * * *
The ufetubus attacks as you move away!
The ufetubus hits you but does no damage. x2
The iguana hisses angrily.
The ufetubus hits you but does no damage. x2
The ufetubus attacks as you move away!
The ufetubus hits you but does no damage.
The ufetubus closely misses you. The iguana barely misses you.
The ufetubus closely misses you. x2
There is a staircase to the Ecumenical Temple here.
You can't go up here!
The ufetubus misses you. x2; The iguana bites you!
* * * LOW HITPOINT WARNING * * *
You climb downwards.
Welcome to the Ecumenical Temple!
Found twelve altars.
There is a staircase back to the Dungeon here.
You feel better. The ufetubus hits you.
* * * LOW HITPOINT WARNING * * *
The ufetubus hits you.
* * * LOW HITPOINT WARNING * * *
The iguana bites you.
* * * LOW HITPOINT WARNING * * *
The ufetubus barely misses you.
The ufetubus hits you but does no damage.
Really quaff the potion of lignification?
You turn into a tree.
Your +0 pair of gloves melds into your body.
Your +2 robe of resistance melds into your body.
You feel hot and cold all over.
Your roots penetrate the ground.
The ufetubus hits you but does no damage. x2
The iguana bites you!
You die...

#########
##._.8._.##
##_......._##
##...≈≈.≈≈...##
#⌠..≈≈...≈≈..⌠#
#..≈≈≈...≈≈≈..#
#_.≈..5....≈._#
#......♣......#
#_.≈..l....≈._#
#..≈≈≈...≈≈≈..#
#8..≈≈...≈≈..8#
##...≈≈.≈≈...##
##_......._##
##._.⌠._.##
#########


You could see an iguana and an ufetubus.

Vanquished Creatures
  A scorpion (D:5)
  Natasha (thrice) (D:3)
  2 adders
  A white imp (D:5)
  2 worms (D:3)
  2 dart slugs
  5 ball pythons
  4 endoplasms
  3 giant cockroaches (D:2)
  4 goblins
  6 hobgoblins
  3 jackals (D:2)
  2 quokkas
  3 bats
  A frilled lizard (D:1)
  6 kobolds
  4 rats
52 creatures vanquished.

Vanquished Creatures (collateral kills)
  An orc (D:5)
  An endoplasm (D:2)
  A kobold (D:3)
  A rat (D:1)
4 creatures vanquished.

Vanquished Creatures (others)
  A plant (D:3)
1 creature vanquished.

Grand Total: 57 creatures vanquished

Notes
Turn   | Place    | Note
-------+----------+-------------------------------------------
     0 | D:1      | hquester the Deep Elf Necromancer began the quest for the
                  | Orb.
     0 | D:1      | Reached XP level 1. HP: 10/10 MP: 6/6
    23 | D:1      | Noticed an electric eel
   434 | D:1      | Reached skill level 5 in Necromancy
   756 | D:2      | Noticed Sigmund
   767 | D:3      | Reached XP level 2. HP: 15/15 MP: 8/8
   846 | D:3      | Found a shadowy altar of Dithmenos.
   846 | D:3      | Noticed a shadow
   851 | D:3      | Noticed Natasha
  1086 | D:3      | Reached XP level 3. HP: 19/19 MP: 10/10
  1140 | D:3      | Reached skill level 1 in Short Blades
  1342 | D:3      | Killed Natasha
  1349 | D:3      | Found a hazy altar of Hepliaklqana.
  1412 | D:3      | Noticed Natasha
  1422 | D:3      | Killed Natasha
  1423 | D:3      | Reached XP level 4. HP: 24/24 MP: 8/12
  1549 | D:3      | Noticed Natasha
  1553 | D:3      | Killed Natasha
  1781 | D:2      | Found a faded altar of an unknown god.
  1809 | D:2      | Found a faded altar of an unknown god.
  1930 | D:2      | Reached XP level 5. HP: 28/28 MP: 7/14
  1935 | D:2      | Found Juqaolos's Antique Weapon Shoppe.
  2321 | D:4      | Found a bloodstained altar of Trog.
  2392 | D:4      | You fall into a shaft and drop 2 floors!
  2398 | D:5      | Entered Level 5 of the Dungeon
  2403 | D:5      | Learned a level 3 spell: Vampiric Draining
  2507 | D:5      | Reached skill level 5 in Spellcasting
  2507 | D:5      | Reached skill level 6 in Necromancy
  2870 | D:5      | Found a staircase to the Ecumenical Temple.
  2872 | D:5      | Noticed a black bear
  2906 | D:5      | HP: 1/28 [iguana (8)]
  2907 | Temple   | Entered the Ecumenical Temple
  2909 | Temple   | Slain by an iguana

Illustrated notes

Levels and vault maps discovered:
D:1:      arrival_aquarium_a, layout_basic
D:2:      layout_loops_corners, hellmonk_ecumenical_altar_the_god_not_taken,
          serial_shops, nicolae_lakefront_shop, bh_walls_and_bars, uniq_sigmund
D:3:      layout_rooms, riverfiend_overflow_shadow_ancestor,
          serial_bayou_pond_e, uniq_natasha
D:4:      layout_loops_ring, kennysheep_little_box
D:5:      layout_basic, lemuel_round_altar, minmay_temple_entry_grid,
          nrook_uturn, lemuel_another_geyser
D:6:      layout_basic, nicolae_uskayaw_dance_studio,
          gammafunk_temple_overflow_statue, wad_floor_pattern_untrapped,
          serial_bayou_pond_e, minmay_holes
Temple:   nicolae_temple_no_exploring_needed

Skill      XL: |  1  2  3  4  5 |
---------------+----------------+-----
Necromancy     | 5 6 |  6.2
Short Blades   | 1 |  1.7
Dodging        | 3 |  3.7
Spellcasting   | 4 5 |  5.1
Staves         | |  0.7
Stealth        | |  2.5

Action                   |  1- 3 |  4- 6 || total
-------------------------+-------+-------++-------
Melee: Mace              |     3 |       ||     3
       Dagger            |    19 |    23 ||    42
       Punch             |     1 |       ||     1
       Staff             |       |    23 ||    23
 Cast: Necrotize         |    48 |    33 ||    81
  Use: Scroll            |       |     8 ||     8
       Potion            |       |     3 ||     3
 Stab: Sleeping          |     4 |     3 ||     7
Armor: Robe              |     7 |    21 ||    28
       Skin              |       |     2 ||     2
Dodge: Dodged            |    14 |    70 ||    84

Table legend: (Time is in decaauts)
 A = Elapsed time spent in this place.
 B = Non-inter-level travel time spent in this place.
 C = Inter-level travel time spent in this place.
 D = Time resting spent in this place.
 E = Time spent auto-exploring this place.
 F = Levels seen in this place.
 G = Mean time per level.
                   A        B        C        D        E       F      G
               +--------+--------+--------+--------+--------+-----+--------+
         Total |   2928 |   2784 |    144 |    266 |   1210 |   7 |  418.3 |
       Dungeon |   2926 |   2782 |    144 |    266 |   1210 |   6 |  487.7 |
        Temple |      1 |      1 |      0 |      0 |      0 |   1 |    1.0 |
               +--------+--------+--------+--------+--------+-----+--------+

Top non-repeatable levels by time:
     D:3: 832 daAuts
     D:1: 769 daAuts
     D:2: 688 daAuts
     D:5: 512 daAuts
     D:4: 118 daAuts
     D:6: 5 daAuts
  Temple: 1 daAuts
